 Dungeon Crawl Stone Soup version 0.22-a0-136-g83a10e5 (webtiles) character file.

967 varam the Conjurer (level 8, -2/44 HPs)
             Began as a Gargoyle Fire Elementalist on Feb 3, 2018.
             Was a Follower of Vehumet.
             Killed from afar by Karim's ghost (21 damage)
             ... with a flame tongue
             ... on level 6 of the Dungeon.
             The game lasted 00:21:55 (5719 turns).

varam the Conjurer (Gargoyle Fire Elementalist)     Turns: 5719, Time: 00:21:56

Health: -2/44      AC: 12    Str:  7    XL:     8   Next: 15%
Magic:  0/11       EV: 11    Int: 19    God:    Vehumet [*.....]
Gold:   436        SH:  5    Dex: 10    Spells: 5/12 levels left

rFire    . . .     SeeInvis .   a - +0 morningstar
rCold    . . .     Gourm    .   i - +2 buckler "Fugualur" {rPois rCorr Str-4}
rNeg     + . .     Faith    .   D - +2 robe {Archmagi}
rPois    ∞         Spirit   .   A - +0 helmet of Nacheas {Regen+} (curse)
rElec    +         Reflect  .   (no cloak)
rCorr    +         Harm     .   (no gloves)
MR       .....                  p - +1 pair of boots
Stlth    ++........             (no amulet)
HPRegen  0.54/turn              u - ring of wizardry
MPRegen  0.12/turn              (no ring)

@: no status effects
A: negative energy resistance 1, electricity resistance, unbreathing,
petrification resistance, rot immunity, AC +5
a: Renounce Religion


You were on level 6 of the Dungeon.
You worshipped Vehumet.
Vehumet was aware of your devotion.
You were hungry.

You visited 2 branches of the dungeon, and saw 9 of its levels.

You collected 436 gold pieces.

Inventory:

Hand Weapons
 a - a +0 morningstar (weapon)
 f - a cursed -2 mace
Missiles
 n - 9 tomahawks (quivered)
 o - 91 stones
Armour
 i - the +2 buckler "Fugualur" (worn) {rPois rCorr Str-4}
   (You found it on level 7 of the Dungeon)

   It affects your strength (-4).
   It protects you from poison.
   It protects you from acid and corrosion.
 p - a +1 pair of boots (worn)
 A - the cursed +0 helmet of Nacheas (worn) {Regen+}
   (You took it off Robin on level 2 of the Dungeon)

   It increases your rate of regeneration.
   It has a curse placed upon it.
 D - a +2 robe of the Archmagi (worn)
Jewellery
 u - a ring of wizardry (left hand)
Wands
 y - a wand of acid (1)
Scrolls
 e - 3 scrolls of remove curse
 h - a scroll of identify
 k - 2 scrolls of teleportation
 l - a scroll of immolation {unknown}
 m - 4 scrolls of enchant armour
 q - 2 scrolls of fear
 s - 2 scrolls of magic mapping {unknown}
 x - a scroll of fog {unknown}
 C - a scroll of amnesia {unknown}
Potions
 d - a potion of mutation
 g - 2 potions of curing {unknown}
 r - a potion of heal wounds {unknown}
 t - a potion of cancellation {unknown}
 v - a potion of lignification {unknown}
 w - a potion of magic {unknown}
 z - 2 potions of degeneration {unknown}
 B - a potion of might {unknown}
Books
 b - a book of Flames

   Spells                             Type                      Level
   a - Flame Tongue                   Conjuration/Fire             1
   b - Throw Flame                    Conjuration/Fire             2
   c - Conjure Flame                  Conjuration/Fire             3
   d - Inner Flame                    Hexes/Fire                   3
   e - Sticky Flame                   Conjuration/Fire             4
   f - Fireball                       Conjuration/Fire             5
Comestibles
 c - 7 rations


   Skills:
 - Level 1.6 Fighting
 - Level 1.6 Maces & Flails
 - Level 1.9 Armour
 - Level 2.2 Dodging
 - Level 2.1 Stealth
 + Level 0.0 Shields
 - Level 2.5 Spellcasting
 - Level 7.2 Conjurations
 - Level 5.4 Fire Magic


You had 5 spell levels left.
You knew the following spells:

 Your Spells              Type           Power        Failure   Level  Hunger
a - Flame Tongue          Conj/Fire      #####        1%          1    #......
b - Throw Flame           Conj/Fire      #####.       1%          2    ##.....
c - Sticky Flame          Conj/Fire      #####...     9%          4    #####..


Dungeon Overview and Level Annotations

Branches:
Dungeon (8/15)             Temple (1/1) D:6
   Lair: D:8-11

Altars:
Ashenzari
Cheibriados
Dithmenos
Elyvilon
Fedhas
Hepliaklqana
Kikubaaqudgha
Makhleb
Nemelex Xobeh
Okawaru
Qazlal
Sif Muna
Trog
Vehumet
Wu Jian
Xom
Yredelemnul
The Shining One

Annotations:
D:6 Karim's ghost, novice OgFE


Innate Abilities, Weirdness & Mutations

You are resistant to torment.
Your stone body is resilient. (AC +5)
You are immune to poison.
You resist negative energy. (rN+)
You are resistant to electric shocks. (rElec)
You can survive without breathing.
You are immune to petrification.
You are immune to rotting.


Message History

Confirm with . or Enter, or press ? or * to list all spells.
Aiming: Sticky Flame (safe; 9% risk of failure)
Press: ? - help, Shift-Dir - straight line, f/p - Karim's ghost
Aim: Karim's ghost (severely damaged)
You feel a surge of power!
The sticky flame hits Karim's ghost.
Karim's ghost is almost destroyed.
You are feeling hungry.
Karim's ghost closely misses you.
You barely miss Karim's ghost.
Karim's ghost is almost destroyed.
Karim's ghost gestures at you while chanting.
The flame tongue hits you!
Ouch! That really hurt!
You hit Karim's ghost.
Karim's ghost is almost destroyed.
Karim's ghost gestures at you while chanting.
The flame tongue misses you. Karim's ghost casts a spell at you.
The flame tongue hits you!
You die...

#.#####....##.#
#.##.......# #
#..........### ..#
####..........# ..#
######.<.....##.# ..#
#....'.....[.# # ..#
#.####.......##.# ..#
#.##.#......W'..# ..#
#....#......@######
..######.###.##.......##
.<.......###.#.........#
.#.......#...#.####....#
.#.#####.#.#....##..##.#
...# #...###..##>.##.##
#### ##### #..##......#
. #.....###### .#
##.#........


You could see Karim's ghost.

Vanquished Creatures
  Grinder (D:4)
  Sigmund (D:4)
  A phantom (D:6)
  A sky beast (D:5)
  2 scorpions
  A water moccasin skeleton (D:4)
  An orc priest (D:4)
  An iguana (D:8)
  2 worker ants (D:4)
  Robin (D:2)
  3 gnolls (D:4)
  4 adders
  7 worms
  4 leopard geckos
  6 orcs
  2 ball pythons
  6 bats
  6 giant cockroaches
  11 goblins
  10 hobgoblins
  4 jackals
  2 quokkas
  2 frilled lizards (D:2)
  9 kobolds
  5 rats
93 creatures vanquished.

Vanquished Creatures (others)
  An orc wizard (D:4)
1 creature vanquished.

Grand Total: 94 creatures vanquished

Notes
Turn   | Place    | Note
-------+----------+-------------------------------------------
     0 | D:1      | varam the Gargoyle Fire Elementalist began the quest for the Orb.
     0 | D:1      | Reached XP level 1. HP: 10/10 MP: 3/3
   245 | D:1      | Reached XP level 2. HP: 15/15 MP: 0/5
   289 | D:1      | Reached skill level 2 in Conjurations
   790 | D:2      | Learned a level 2 spell: Throw Flame
  1010 | D:2      | HP: 1/15 [worm (6)]
  1401 | D:2      | Reached XP level 3. HP: 19/19 MP: 0/6
  1555 | D:3      | Found an iron altar of Okawaru.
  1561 | D:3      | Reached skill level 3 in Conjurations
  1591 | D:4      | Reached XP level 4. HP: 19/24 MP: 0/7
  1667 | D:4      | Found a sparkling altar of Nemelex Xobeh.
  1667 | D:4      | Noticed Sigmund
  1869 | D:3      | Found a white marble altar of Elyvilon.
  1956 | D:3      | Learned a level 4 spell: Sticky Flame
  2131 | D:3      | Reached skill level 4 in Conjurations
  2341 | D:4      | Reached skill level 4 in Fire Magic
  2341 | D:4      | Reached XP level 5. HP: 28/28 MP: 1/8
  2408 | D:4      | Paralysed by Grinder for 5 turns
  2409 | D:4      | Noticed Grinder
  2419 | D:4      | Killed Grinder
  2419 | D:4      | Reached skill level 5 in Conjurations
  2419 | D:4      | Reached XP level 6. HP: 26/32 MP: 1/9
  2588 | D:4      | Found an ancient bone altar of Kikubaaqudgha.
  2644 | D:5      | Entered Level 5 of the Dungeon
  2861 | D:5      | Reached skill level 6 in Conjurations
  2973 | D:5      | Found an ornate altar of the Wu Jian Council.
  2994 | D:5      | Noticed a sky beast
  3001 | D:5      | Killed a sky beast
  3001 | D:5      | Reached skill level 5 in Fire Magic
  3001 | D:5      | Reached XP level 7. HP: 25/36 MP: 1/10
  3357 | D:5      | Found a burning altar of Makhleb.
  3419 | D:6      | Found a staircase to the Ecumenical Temple.
  3424 | Temple   | Entered the Ecumenical Temple
  3453 | Temple   | Became a worshipper of Vehumet
  4227 | D:2      | Noticed Robin
  4233 | D:2      | Killed Robin
  4336 | D:2      | Reached * piety under Vehumet
  4336 | D:2      | Offered knowledge of Magic Dart by Vehumet.
  4402 | D:2      | Got a crude helmet
  4408 | D:2      | Identified the cursed +0 helmet of Nacheas {Regen+} (You took it off Robin on level 2 of the Dungeon)
  4537 | D:2      | Found a basalt altar of Yredelemnul.
  4842 | D:4      | Killed Sigmund
  4842 | D:4      | Reached skill level 1 in Fighting
  4842 | D:4      | Reached skill level 1 in Maces & Flails
  4842 | D:4      | Reached skill level 1 in Armour
  4842 | D:4      | Reached skill level 2 in Dodging
  5502 | D:6      | Reached skill level 7 in Conjurations
  5502 | D:6      | Reached XP level 8. HP: 38/43 MP: 4/11
  5665 | D:7      | Got a pitted buckler
  5675 | D:7      | Identified the +2 buckler "Fugualur" {rPois rCorr Str-4} (You found it on level 7 of the Dungeon)
  5702 | D:6      | Noticed Karim's ghost (novice OgFE)
  5719 | D:6      | Killed from afar by Karim's ghost

Vault maps used:
D:1:      onia_arrival_pentagram, hangedman_abyss_or_decor_lesser_grid,
          eino_curves_03
D:2:      lemuel_crystal_altar, uniq_robin
D:3:      elyvilon_altar_1, nicolae_overflow_crystal_walls
D:4:      nemelex_xobeh_ov_fountains_minmay, lemuel_doored_altar, uniq_sigmund,
          uniq_grinder
D:5:      lemuel_upstairs_altar, old_standard_altar, lightli_temple_of_fire,
          first_ration
D:6:      temple_doors_cd, kennysheep_nondescript
D:7:      zin_angel, led_sif_book, uniq_joseph
D:8:      minmay_quarter_circles
Temple:   minmay_temple_bridge_abc

Skill      XL: |  1  2  3  4  5  6  7 |
---------------+----------------------+-----
Conjurations   | 2 3 4 5 6 7 |  7.2
Fire Magic     | 4 5 |  5.4
Fighting       | 1 |  1.6
Maces & Flails | 1 |  1.6
Armour         | 1 |  1.9
Dodging        | 2 |  2.2
Stealth        | |  2.1
Spellcasting   | |  2.5

Action                   |  1- 3 |  4- 6 |  7- 9 || total
-------------------------+-------+-------+-------++-------
Melee: Club              |    41 |    13 |    29 ||    83
       Morningstar       |       |       |    24 ||    24
Throw: Tomahawk          |     1 |     2 |       ||     3
 Cast: Flame Tongue      |    54 |    43 |    75 ||   172
       Throw Flame       |     3 |     7 |    23 ||    33
       Sticky Flame      |       |     5 |     7 ||    12
  Use: Scroll            |       |       |     5 ||     5
 Stab: Sleeping          |       |     1 |       ||     1
  Eat: Chunk             |     3 |     6 |     9 ||    18
       Ration            |       |       |     1 ||     1
Armor: Robe              |    29 |     9 |    50 ||    88
Dodge: Dodged            |    48 |    17 |    72 ||   137
Block: Buckler           |       |       |     3 ||     3

Table legend:
 A = Spawn XP
 B = Non-spawn XP
 C = Spawn XP percentage of total XP
 D = Spawn monster count
 E = Non-spawn monster count
 F = Spawn count percentage of total count
 G = Total turns spent on level
                    A         B        C        D         E        F      G
               +---------+---------+-------+---------+---------+-------+---------
         Total |       0 |    1382 |   0.0 |       0 |      94 |   0.0 |  5719
               +---------+---------+-------+---------+---------+-------+---------
           D:1 |       0 |      22 |   0.0 |       0 |      11 |   0.0 |  1135
           D:2 |       0 |      88 |   0.0 |       0 |      27 |   0.0 |   819
           D:3 |       0 |      87 |   0.0 |       0 |      27 |   0.0 |  1040
           D:4 |       0 |     743 |   0.0 |       0 |      18 |   0.0 |  1159
           D:5 |       0 |     206 |   0.0 |       0 |       6 |   0.0 |  1200
           D:6 |       0 |     199 |   0.0 |       0 |       3 |   0.0 |   182
           D:7 |       0 |       2 |   0.0 |       0 |       1 |   0.0 |    97
           D:8 |       0 |      35 |   0.0 |       0 |       1 |   0.0 |    37
               +---------+---------+-------+---------+---------+-------+---------
